AoeStats
← LArcadia49

Arena

510116848Analyzed
4v4 RM · 1d ago on Sep 29, 2026· 53m 1s· 8 players
Game mode
Random Map
Map size
Large (8 player)
Population
200
Speed
Normal
Resources
Standard
Victory
Conquest
Starting age
Dark Age
Ending age
Imperial Age
RankedLock teamsTeams togetherTeam positionsShared explorationLock speedFull tech treeHidden civsTurbo modeCheats
Victory
Defeat
🇫🇷 Britons · France
1190
+13
🇩🇪 Vietnamese · Germany
1157
+15
🇷🇴 Byzantines · Romania
1143
+15
🇫🇷 Celts · France
1102
+17
🇺🇸 Malians · United States
1193
-18
🇹🇼 Saracens · Taiwan
1114
-14
🇹🇼 Chinese · Taiwan
1103
-14
🇮🇩 Mongols · Indonesia
1099
-14
Angel7255
12:45 Feudal Age
17:43 Castle Age
15:32 Double-Bit Axe
15:33 Horse Collar
15:48 Gold Mining
19:46 Bow Saw
19:37 Heavy Plow
23:49 Loom
25:27 Town Watch
32:05 Imperial Age
29:39 Scale Mail Armor
29:29 Fletching
30:04 Fletching
30:37 Ballistics
31:15 Wheelbarrow
30:30 Pikeman
31:32 Forging
31:23 Padded Archer Armor
32:20 Squires
31:41 Crossbowman
32:57 Halberdier
34:42 Two-Man Saw
33:37 Arbalester
34:43 Leather Archer Armor
35:23 Crop Rotation
35:29 Hand Cart
34:57 Treadmill Crane
36:44 Chemistry
36:11 Thumb Ring
37:04 Chain Mail Armor
38:19 Fortified Wall
38:16 Siege Engineers
38:29 Arson
38:40 Elite Skirmisher
39:59 Iron Casting
39:55 Plate Mail Armor
39:45 Stone Mining
39:55 Bodkin Arrow
40:31 Ring Archer Armor
41:13 Husbandry
41:23 Bloodlines
41:55 Paper Money
42:49 Bloodlines
42:20 Light Cavalry
43:42 Bracer
44:05 Sanctity
43:41 Herbal Medicine
44:02 Block Printing
44:23 Theocracy
44:01 Masonry
43:38 Imperial Skirmisher
49:09 Scale Barding Armor
49:14 Cavalier
Sageata
10:45 Feudal Age
14:20 Castle Age
12:52 Double-Bit Axe
12:49 Horse Collar
15:41 Bow Saw
16:11 Heavy Plow
17:15 Loom
22:07 Wheelbarrow
23:06 Fletching
23:45 Crossbowman
25:02 Fervor
25:23 Hand Cart
25:52 Stone Mining
28:17 Stone Shaft Mining
27:33 Gold Mining
30:17 Imperial Age
29:17 Bodkin Arrow
29:23 Padded Archer Armor
31:03 Redemption
34:04 Imperial Age
37:36 Imperial Age
37:52 Scale Barding Armor
37:57 Forging
38:03 Leather Archer Armor
39:27 Chemistry
38:51 Arbalester
40:15 Gold Shaft Mining
40:42 Two-Man Saw
39:12 Capped Ram
40:39 Chain Barding Armor
40:20 Bracer
40:56 Iron Casting
40:53 Ring Archer Armor
40:22 Elite Cataphract
41:35 Husbandry
42:42 Heavy Camel Rider
43:39 Scale Mail Armor
44:15 Plate Barding Armor
43:34 Pikeman
46:00 Chain Mail Armor
48:29 Plate Mail Armor
52:36 Conscription
LArcadia49
11:48 Feudal Age
12:14 Loom
16:27 Castle Age
14:29 Fletching
19:03 Arson
24:19 Scale Mail Armor
25:13 Double-Bit Axe
27:51 Forging
27:58 Horse Collar
29:23 Wheelbarrow
32:05 Imperial Age
30:13 Bow Saw
29:47 Pikeman
30:27 Town Watch
31:20 Hand Cart
31:05 Gold Mining
33:07 Chain Mail Armor
33:29 Iron Casting
33:08 Capped Ram
34:25 Stronghold
35:38 Conscription
35:13 Heavy Scorpion
36:16 Halberdier
39:16 Siege Ram
41:17 Plate Mail Armor
45:30 Scale Barding Armor
46:26 Blast Furnace
46:07 Furor Celtica
48:34 Ballistics
49:14 Chemistry
48:25 Masonry
48:29 Siege Engineers
48:44 Shipwright
48:31 Heavy Plow
Blawckdown
10:57 Feudal Age
16:00 Castle Age
14:07 Double-Bit Axe
14:32 Horse Collar
19:13 Bow Saw
24:04 Wheelbarrow
25:01 Gold Mining
26:54 Heavy Plow
27:46 Gold Shaft Mining
30:40 Imperial Age
28:30 Hand Cart
28:04 Town Watch
28:24 Stone Mining
28:23 Crossbowman
29:06 Padded Archer Armor
28:56 Fletching
29:44 Ballistics
30:03 Leather Archer Armor
30:32 Bodkin Arrow
31:07 Yeomen
30:48 Arbalester
32:46 Chemistry
32:20 Bracer
34:21 Ring Archer Armor
37:18 Town Patrol
42:07 Conscription
46:50 Two-Man Saw
46:26 Elite Skirmisher
49:25 Imperial Skirmisher
Byron0330
8:39 Loom
10:26 Feudal Age
14:41 Castle Age
13:04 Double-Bit Axe
13:46 Stone Mining
14:53 Horse Collar
16:30 Wheelbarrow
27:37 Horse Collar
33:40 Imperial Age
31:28 Forging
32:02 Hand Cart
32:26 Hand Cart
32:21 Husbandry
33:00 Bow Saw
32:55 Heavy Plow
33:07 Scale Barding Armor
34:13 Iron Casting
33:56 Bloodlines
34:52 Chain Barding Armor
35:24 Elite Mameluke
36:31 Conscription
36:51 Plate Barding Armor
37:29 Fletching
38:40 Blast Furnace
41:24 Onager
3345678
2:07 Loom
10:11 Feudal Age
11:52 Wheelbarrow
14:59 Castle Age
13:48 Double-Bit Axe
13:48 Horse Collar
16:37 Bow Saw
24:39 Hand Cart
25:31 Gold Mining
28:55 Imperial Age
26:31 Fletching
26:41 Padded Archer Armor
27:58 Gold Shaft Mining
27:22 Bodkin Arrow
27:32 Pikeman
28:12 Squires
28:00 Arson
28:35 Leather Archer Armor
28:31 Forging
27:50 Elite Skirmisher
28:43 Loom
28:43 Town Watch
31:14 Elite Fire Lancer
31:21 Halberdier
34:05 Ring Archer Armor
33:35 Bracer
34:05 Ring Archer Armor
35:15 Heavy Scorpion
37:58 Two-Man Saw
38:24 Conscription
40:58 Ballistics
41:40 Chemistry
41:21 Iron Casting
40:46 Scale Mail Armor
41:21 Town Patrol
41:23 Heavy Plow
48:24 Bloodlines
48:15 Husbandry
47:35 Light Cavalry
48:31 Scale Barding Armor
49:01 Iron Casting
48:27 Scale Mail Armor
Alarich1000
11:02 Feudal Age
14:59 Castle Age
13:12 Double-Bit Axe
13:26 Horse Collar
14:16 Loom
15:52 Bow Saw
15:43 Heavy Plow
21:06 Wheelbarrow
27:15 Imperial Age
28:38 Hand Cart
29:43 Crop Rotation
31:30 Chemistry
30:51 Ballistics
31:23 Elite Skirmisher
32:27 Conscription
32:08 Farimba
32:44 Town Watch
33:56 Thumb Ring
33:16 Man-at-Arms
33:56 Squires
33:42 Arson
34:15 Gold Mining
34:15 Stone Mining
34:18 Fletching
34:28 Padded Archer Armor
35:24 Town Patrol
35:12 Crossbowman
36:24 Masonry
36:49 Onager
37:46 Bodkin Arrow
38:07 Leather Archer Armor
38:03 Forging
37:58 Scale Barding Armor
38:03 Forging
37:58 Scale Barding Armor
37:28 Arbalester
38:11 Husbandry
38:21 Bloodlines
38:04 Cavalier
38:13 Heavy Camel Rider
39:31 Gold Shaft Mining
39:31 Stone Shaft Mining
39:10 Fortified Wall
40:59 Iron Casting
40:55 Ring Archer Armor
40:49 Light Cavalry
42:31 Chain Barding Armor
42:41 Scale Mail Armor
Axie
8:17 Loom
10:57 Feudal Age
11:39 Horse Collar
17:35 Castle Age
15:56 Double-Bit Axe
16:48 Stone Mining
26:08 Husbandry
28:06 Bloodlines
28:13 Forging
30:14 Wheelbarrow
29:24 Town Watch
30:21 Scale Barding Armor
32:04 Hand Cart
31:53 Gold Mining
33:59 Heavy Plow
34:10 Bow Saw
34:43 Ballistics
34:37 Fletching
34:47 Padded Archer Armor
36:05 Iron Casting
35:50 Chain Barding Armor
39:27 Imperial Age
36:52 Light Cavalry
37:35 Bodkin Arrow
37:38 Murder Holes
39:34 Nomads
39:30 Elite Steppe Lancer
39:32 Elite Mangudai
39:37 Capped Ram
41:24 Drill
40:59 Siege Ram
41:14 Hussar
Connection lost

Rejoining the realm…

Still unreachable

The connection could not be restored.

Session expired

The server has moved on; the page needs a fresh start.